 Dungeon Crawl Stone Soup version 0.23-a0-550-g7de1f8e (webtiles) character file.

43038 GroovyGamera the Cleaver (level 14, 0/92 HPs)
             Began as a Gargoyle Fighter on Dec 8, 2018.
             Was a Priest of Makhleb.
             Splashed by an oklob plant's acid (11 damage)
             ... on level 5 of the Lair of Beasts.
             The game lasted 01:07:51 (19055 turns).

GroovyGamera the Cleaver (Gargoyle Fighter)        Turns: 19055, Time: 01:07:52

Health: 0/92       AC: 26    Str: 20    XL:     14   Next: 22%
Magic:  21/21      EV:  8    Int: 16    God:    Makhleb [***...]
Gold:   1460       SH:  8    Dex:  9    Spells: 8/13 levels left

rFire    + + .     SeeInvis +   K - +2 trident (flame)
rCold    . . .     Gourm    .   N - +2 buckler
rNeg     + + .     Faith    .   e - +3 chain mail "Vobeif" {MR+}
rPois    ∞         Spirit   .   P - +0 helmet
rElec    +         Reflect  +   Q - +2 cloak
rCorr    .         Harm     .   I - +0 pair of gloves
MR       ++...                  b - +0 pair of boots
Stlth    ..........             p - +2 amulet of reflection
HPRegen  0.25/turn              y - ring of Taran {rF+ SInv}
MPRegen  0.17/turn              X - ring of Doors {rF+ rN+ Int+2}

@: corroded
A: big wings, negative energy resistance 1, electricity resistance, unbreathing,
petrification resistance, rot immunity, AC +10
a: Fly, Minor Destruction, Lesser Servant of Makhleb, Renounce Religion


You were on level 5 of the Lair of Beasts.
You worshipped Makhleb.
Makhleb was most pleased with you.
You were not hungry.

You visited 3 branches of the dungeon, and saw 19 of its levels.
You also visited: Sewer.

You collected 1460 gold pieces.

Inventory:

Hand Weapons
 a - a +0 war axe
 c - the +4 battleaxe of Lualo {chop, rN+ MP+9 SInv, unknown}
   (You found it on level 5 of the Lair of Beasts)

   It inflicts extra damage upon your enemies.
   It protects you from negative energy.
   It affects your magic capacity (+9).
   It lets you see invisible.
 x - a +2 shortbow of flaming
 K - a +2 trident of flaming (weapon)
 T - a +0 hand crossbow
Missiles
 g - 186 bolts
 A - 323 arrows (quivered)
Armour
 b - a +0 pair of boots (worn)
 e - the +3 chain mail "Vobeif" (worn) {MR+}
   (You found it on level 10 of the Dungeon)

   It affects your resistance to hostile enchantments.
 l - a +0 large shield
 I - a +0 pair of gloves (worn)
 J - a +0 plate armour
 N - a +2 buckler (worn)
 P - a +0 helmet (worn)
 Q - a +2 cloak (worn)
Jewellery
 p - a +2 amulet of reflection (around neck)
 y - the ring of Taran (left hand) {rF+ SInv}
   (You found it on level 4 of the Dungeon)

   [ring of see invisible]

   It protects you from fire.
   It lets you see invisible.
 L - an uncursed ring of protection from magic
 X - the ring of Doors (right hand) {rF+ rN+ Int+2}
   (You found it on level 11 of the Dungeon)

   [ring of protection from fire]

   It affects your intelligence (+2).
   It protects you from fire.
   It protects you from negative energy.
Wands
 G - a wand of digging (7)
Scrolls
 h - a scroll of immolation {unknown}
 i - 4 scrolls of remove curse
 m - 5 scrolls of magic mapping
 n - 4 scrolls of amnesia
 r - 2 scrolls of enchant armour
 s - 2 scrolls of fog
 u - 4 scrolls of fear
 C - 2 scrolls of random uselessness {unknown}
 D - 2 scrolls of enchant weapon
 M - 5 scrolls of teleportation
 U - 2 scrolls of summoning {unknown}
 V - a scroll of blinking {unknown}
 W - a scroll of holy word {unknown}
Potions
 j - 6 potions of brilliance
 k - 11 potions of curing
 q - 5 potions of lignification
 v - 2 potions of haste
 w - a potion of ambrosia {unknown}
 z - 3 potions of berserk rage
 B - a potion of cancellation
 F - a potion of invisibility {unknown}
 H - 2 potions of agility
 O - a potion of resistance {unknown}
 Y - a potion of heal wounds
 Z - 3 potions of magic
Miscellaneous
 E - a phantom mirror
Comestibles
 f - 35 rations
 S - 2 chunks of flesh


   Skills:
 + Level 12.5 Fighting
 * Level 14.1 Axes
 + Level 12.4 Armour
 - Level 4.0 Shields
 * Level 3.3 Summonings
 - Level 10.0 Invocations


You had 8 spell levels left.
You knew the following spells:

 Your Spells              Type           Power        Failure   Level  Hunger
a - Summon Mana Viper     Hex/Summ       #.......     100%        5    ######.

Your spell library contained the following spells:

 Spells                   Type           Power        Failure   Level  Hunger
 Summon Butterflies       Summ           ##......     38%         1    ##.....
 Call Imp                 Summ           ##......     52%         2    ###....
 Call Canine Familiar     Summ           ##......     77%         3    ####...
 Corona                   Hex            #......      83%         1    ##.....
 Freeze                   Ice            #...         83%         1    ##.....
 Infusion                 Chrm           #...         83%         1    ##.....
 Magic Dart               Conj           #...         83%         1    ##.....
 Sandblast                Erth           #.....       83%         1    ##.....
 Shock                    Conj/Air       #...         83%         1    ##.....
 Blink                    Tloc           N/A          93%         2    ###....
 Ensorcelled Hibernation  Hex/Ice        #.....       93%         2    ###....
 Passwall                 Tmut/Erth      #.......     93%         2    ###....
 Shroud of Golubria       Chrm/Tloc      #.........   93%         2    ###....
 Slow                     Hex            #.......     93%         2    ###....
 Song of Slaying          Chrm           #.......     93%         2    ###....
 Swiftness                Chrm/Air       #.......     93%         2    ###....
 Throw Frost              Conj/Ice       #.....       93%         2    ###....
 Confuse                  Hex            #.......     99%         3    ####...
 Conjure Flame            Conj/Fire      #.......     99%         3    ####...
 Dazzling Spray           Conj/Hex       #.....       99%         3    ####...
 Mephitic Cloud           Conj/Pois/Air  #.......     99%         3    ####...
 Ozocubu's Armour         Chrm/Ice       #.......     99%         3    ####...
 Regeneration             Chrm/Necr      #.........   99%         3    ####...
 Spectral Weapon          Hex/Chrm       #.......     99%         3    ####...
 Static Discharge         Conj/Air       #.......     99%         3    ####...
 Stone Arrow              Conj/Erth      #.....       99%         3    ####...
 Tukima's Dance           Hex            #.......     99%         3    ####...
 Airstrike                Air            #.........   100%        4    #####..
 Petrify                  Tmut/Erth      #.......     100%        4    #####..
 Summon Ice Beast         Ice/Summ       #.......     100%        4    #####..
 Throw Icicle             Conj/Ice       #.......     100%        4    #####..
 Lee's Rapid Deconstruct  Erth           #.........   100%        5    ######.
 Lightning Bolt           Conj/Air       #.........   100%        5    ######.
 Malign Gateway           Summ/Tloc      #.........   100%        7    #######
 Monstrous Menagerie      Summ           ##........   100%        7    #######
 Summon Greater Demon     Summ           ##........   100%        7    #######
 Summon Hydra             Summ           ##........   100%        7    #######
 Summon Horrible Things   Summ           ##........   100%        8    #######


Dungeon Overview and Level Annotations

Branches:
Dungeon (12/15)            Temple (1/1) D:5            Lair (6/6) D:8
 Shoals (0/4) Lair:2       Spider (0/4) Lair:4        Slime (0/5) Lair:5
    Orc (0/2) D:12

Altars:
Ashenzari
Cheibriados
Dithmenos
Elyvilon
Fedhas
Gozag
Hepliaklqana
Kikubaaqudgha
Makhleb
Nemelex Xobeh
Okawaru
Qazlal
Ru
Sif Muna
Trog
Uskayaw
Vehumet
Wu Jian
Xom
Yredelemnul
Zin
The Shining One

Annotations:
Lair:2 3 runed doors, Think's ghost, journeyman OpFi
Lair:5 exclusion: 7 oklob plants


Innate Abilities, Weirdness & Mutations

You are resistant to torment.
Your stone body is resilient. (AC +10)
You are immune to poison.
Your large and strong wings let you fly indefinitely.
You resist negative energy. (rN+)
You are resistant to electric shocks. (rElec)
You can survive without breathing.
You are immune to petrification.
You are immune to rotting.


Message History

The oklob plant spits acid at you. The splash of acid misses you.
You see here a crude battleaxe.
c - a crude battleaxe The oklob plant spits acid at you.
The splash of acid misses you. The oklob plant spits acid at you.
The splash of acid hits you!
You are splashed with acid!
The acid burns!
* * * LOW HITPOINT WARNING * * *
Okay, then.
You feel better. The oklob plant spits acid at you.
The splash of acid hits you! The acid corrodes you!
You are splashed with acid!
The acid burns!
* * * LOW HITPOINT WARNING * * *
The oklob plant spits acid at you. The splash of acid hits you!
* * * LOW HITPOINT WARNING * * *
The acid corrodes you!
You are splashed with acid!
The acid burns!
You die... ## .# #.#### #.P$.$ #:P§§§ # #).§?§# # #"P§P§## ### ###### #$%.@§§###.#####.#.#. ####### ##.PP.P#§§§..##....#.. ♣PPPPP#

##....§§§§§§...........
PPPP.♣#####.....§§§§§§...P....P..
♣PPPPP#P.................##......
.P#PPP#..........................
PPP.P.#....P...#...#.PP..P......#
PP#♣PP#....###.##....P......#....
.PPP###...##.#........P.P.##.##..


You could see 3 oklob plants.

Vanquished Creatures
  A hydra (Lair:6)
  4 catoblepae
  2 two-headed ogres
  5 death yaks (Lair:6)
  A deep elf mage (D:11)
  3 manticores
  An oklob plant (Lair:5)
  4 elephants (Lair:5)
  A black mamba (Lair:1)
  A gargoyle (D:11)
  6 spiny frogs
  3 jumping spiders (Lair:4)
  Prince Ribbit (D:8)
  2 dream sheep (Lair:6)
  15 blink frogs
  6 hippogriffs
  40 yaks
  A wraith (D:12)
  A shadow (D:11)
  4 hogs (D:7)
  Grum (D:9)
  A basilisk (Lair:4)
  A human (D:7)
  A steam dragon (Lair:5)
  9 porcupines
  13 water moccasins
  2 orc warriors
  4 ice beasts
  3 sky beasts
  A black bear (Lair:2)
  2 phantoms
  3 centaurs
  4 ogres
  16 wolves
  6 crocodiles
  5 big kobolds
  17 bullfrogs
  2 scorpions
  8 killer bees
  11 wights
  5 howler monkeys
  An electric eel (Lair:5)
  5 crimson imps
  2 hounds (D:4)
  A gnoll shaman (D:7)
  2 jellies
  4 centaur skeletons
  4 orc priests
  10 orc wizards
  A bullfrog skeleton (D:7)
  An iguana (D:11)
  7 worker ants
  A hound skeleton (D:6)
  A howler monkey zombie (D:5)
  14 gnolls
  2 howler monkey skeletons
  12 adders
  2 shadow imps
  An ooze (D:1)
  An adder skeleton (D:4)
  2 adder zombies
  A worm (D:4)
  2 dart slugs (D:1)
  5 leopard geckos
  37 orcs
  7 giant cockroaches
  4 hobgoblins
  19 jackals
  4 quokkas
  5 ball pythons
  11 bats
  10 frilled lizards
  4 goblins
  18 kobolds
  A leopard gecko zombie (D:7)
  3 rats
  8 fungi
  4 plants (Lair:5)
434 creatures vanquished.

Vanquished Creatures (collateral kills)
  3 hydras
  2 two-headed ogres
  An ugly thing (D:10)
  A cyclops (D:11)
  A deep elf mage (D:12)
  2 elephants (Lair:5)
  A manticore (D:12)
  Maurice (D:10)
  3 spiny frogs
  5 komodo dragons
  3 rime drakes
  A jumping spider (Lair:4)
  A troll (D:12)
  2 dream sheep (Lair:6)
  11 blink frogs
  2 hippogriffs
  2 redbacks (Lair:4)
  6 yaks
  4 wyverns
  A steam dragon (D:11)
  A basilisk (Lair:3)
  2 acid dragons (D:12)
  2 water moccasins
  3 porcupines
  2 orc warriors (D:12)
  An ogre (D:11)
  2 wolves (Lair:5)
  2 crocodiles
  A bullfrog (D:12)
  A wight (D:12)
  2 quasits
  A hound (D:12)
  An adder (D:12)
  A leopard gecko (D:9)
  13 orcs (D:12)
  3 fungi (Lair:5)
91 creatures vanquished.

Vanquished Creatures (others)
  An orc wizard (D:12)
  A kobold (D:11)
  4 fungi
  9 plants
15 creatures vanquished.

Grand Total: 540 creatures vanquished

Notes
Turn   | Place    | Note
-------+----------+-------------------------------------------
     0 | D:1      | GroovyGamera the Gargoyle Fighter began the quest for the
                  | Orb.
     0 | D:1      | Reached XP level 1. HP: 14/14 MP: 1/1
    53 | D:1      | Reached skill level 2 in Axes
    70 | D:1      | Reached XP level 2. HP: 19/19 MP: 2/2
   550 | D:1      | Reached XP level 3. HP: 23/23 MP: 3/3
   821 | D:2      | Reached XP level 4. HP: 22/29 MP: 4/4
  1149 | D:2      | Reached skill level 3 in Axes
  1228 | D:2      | Reached XP level 5. HP: 25/33 MP: 5/5
  2036 | D:3      | Reached XP level 6. HP: 39/39 MP: 6/6
  2265 | D:3      | Found a faded altar of an unknown god.
  2420 | D:3      | Reached skill level 4 in Axes
  2770 | D:4      | Got a fine granite ring
  2800 | D:4      | Found a hide-covered altar of Uskayaw.
  2800 | D:4      | Found a shadowy altar of Dithmenos.
  2880 | D:4      | Reached XP level 7. HP: 43/44 MP: 7/7
  3132 | D:5      | Entered Level 5 of the Dungeon
  3160 | D:5      | Reached skill level 5 in Fighting
  3160 | D:5      | Reached skill level 5 in Armour
  3176 | D:5      | Found a staircase to the Ecumenical Temple.
  3183 | Temple   | Entered the Ecumenical Temple
  3315 | Temple   | Became a worshipper of Makhleb the Destroyer
  3419 | D:5      | Reached skill level 5 in Axes
  3431 | D:5      | Reached skill level 1 in Invocations
  3826 | D:5      | Found a glowing drain.
  3843 | D:5      | Reached XP level 8. HP: 42/50 MP: 9/9
  3859 | Sewer    | Entered a sewer
  4078 | Sewer    | Reached skill level 6 in Axes
  4108 | Sewer    | Reached * piety under Makhleb
  4800 | D:6      | Identified the ring of Taran {rF+ SInv} (You found it on
                  | level 4 of the Dungeon)
  4859 | D:6      | Noticed a two-headed ogre
  4865 | D:6      | Killed a two-headed ogre
  4865 | D:6      | Reached skill level 7 in Axes
  4865 | D:6      | Reached XP level 9. HP: 13/56 MP: 10/12
  5992 | D:7      | Noticed Prince Ribbit
  6113 | D:7      | Reached ** piety under Makhleb
  6858 | D:7      | Found a sacrificial altar of Ru.
  6956 | D:7      | Reached skill level 8 in Axes
  6956 | D:7      | Reached skill level 5 in Invocations
  6966 | D:7      | Reached XP level 10. HP: 47/63 MP: 12/14
  7359 | D:8      | Killed Prince Ribbit
  7393 | D:8      | Found a staircase to the Lair.
  7481 | D:8      | Found an opulent altar of Gozag.
  7481 | D:8      | Found a bloodstained altar of Trog.
  7993 | D:9      | Reached skill level 9 in Axes
  8117 | D:9      | Reached *** piety under Makhleb
  8740 | D:9      | Noticed Grum
  8766 | D:9      | Killed Grum
  9403 | D:9      | Reached XP level 11. HP: 69/69 MP: 16/16
  9503 | D:10     | Entered Level 10 of the Dungeon
  9561 | D:10     | Got an ancient chain mail
  9572 | D:10     | Identified the +3 chain mail "Vobeif" {MR+} (You found it
                  | on level 10 of the Dungeon)
  9607 | D:10     | Noticed a two-headed ogre
  9615 | D:10     | Killed a two-headed ogre
  9615 | D:10     | Reached skill level 10 in Axes
  9956 | D:10     | Reached **** piety under Makhleb
 10033 | D:10     | Noticed Maurice
 10044 | D:10     | Killed Maurice
 10342 | D:11     | Found a basalt altar of Yredelemnul.
 10527 | D:11     | Noticed a cyclops
 10552 | D:11     | Killed a cyclops
 10688 | D:11     | Noticed a two-headed ogre
 10702 | D:11     | Killed a two-headed ogre
 10991 | D:11     | Got a steaming platinum ring
 10995 | D:11     | Identified the ring of Doors {rF+ rN+ Int+2} (You found it
                  | on level 11 of the Dungeon)
 11372 | D:11     | Noticed a green ugly thing
 11388 | D:10     | Killed a green ugly thing
 11535 | D:12     | Reached skill level 11 in Axes
 11535 | D:12     | Noticed a deep elf mage
 11553 | D:11     | Killed a deep elf mage
 11601 | D:12     | Noticed a deep elf mage
 11612 | D:12     | Killed a deep elf mage
 11732 | D:12     | Noticed a two-headed ogre
 11737 | D:12     | Reached skill level 10 in Fighting
 11769 | D:12     | Killed a two-headed ogre
 11769 | D:12     | Reached skill level 10 in Armour
 11769 | D:12     | Reached XP level 12. HP: 57/77 MP: 18/18
 11989 | D:12     | Found a staircase to the Orcish Mines.
 12418 | Lair:1   | Entered Level 1 of the Lair of Beasts
 12437 | Lair:1   | You fall through a shaft!
 13924 | Lair:2   | Reached skill level 12 in Axes
 14009 | Lair:2   | Found a staircase to the Shoals.
 14026 | Lair:2   | Noticed a four-headed hydra
 14034 | Lair:2   | Killed a five-headed hydra
 14220 | Lair:2   | Noticed an eight-headed hydra
 14221 | Lair:2   | Found a runed gate.
 14221 | Lair:2   | Found a runed gate.
 14221 | Lair:2   | Found a runed gate.
 14258 | Lair:2   | Noticed Think's ghost (journeyman OpFi)
 14975 | Lair:3   | Reached XP level 13. HP: 80/84 MP: 20/20
 14995 | Lair:3   | You fall through a shaft for 3 floors!
 14995 | Lair:6   | Entered Level 6 of the Lair of Beasts
 15070 | Lair:6   | Reached skill level 10 in Invocations
 15448 | Lair:5   | Reached skill level 13 in Axes
 16215 | Lair:4   | Found a hole to the Spider Nest.
 17280 | Lair:5   | Found a blossoming altar of Fedhas.
 17803 | Lair:5   | Found a staircase to the Slime Pits.
 18077 | Lair:6   | Learned a level 5 spell: Summon Mana Viper
 18301 | Lair:5   | Reached skill level 1 in Summonings
 18746 | Lair:6   | Gained mutation: Your large and strong wings let you fly
                  | indefinitely. [Gargoyle growth]
 18746 | Lair:6   | Reached XP level 14. HP: 89/92 MP: 21/21
 18755 | Lair:6   | Reached skill level 14 in Axes
 19054 | Lair:5   | Got a crude battleaxe
 19055 | Lair:5   | Splashed by an oklob plant's acid

Vault maps used:
D:1:      psy_arrival_basics, hangedman_decor_diamond_cutter,
          minmay_tetromino_i2
D:2:      minivault_24, lemuel_another_geyser
D:3:      first_ration, chequers_ecumenical_altar_grove
D:4:      gammafunk_temple_overflow_elements
D:5:      minmay_temple_entry_wispy, gup_sewer_entry_glass
D:7:      grunt_livestock, nicolae_ru_sacrificial_ziggurat, uniq_prince_ribbit1
D:8:      gammafunk_temple_overflow_wave, lair_entry_dummy
D:9:      kennysheep_donut, uniq_grum
D:10:     uniq_maurice
D:11:     basic_altar, grunt_ministairs_12, minivault_10, corner_web_ring
D:12:     hiddenorc2_lemuel
Temple:   dpeg_five_rooms_temple
Lair:1:   serial_bayou_shore_b
Lair:2:   elwin_shoals_entry_rocks, gammafunk_ghost_split, minivault_11,
          serial_bayou_shore_a
Lair:3:   ldierk_geyser, lemuel_fruit_fields
Lair:4:   nicolae_spider_entry_tight_spaces, chequers_serial_rivers_large_a
Lair:5:   minmay_slime_entry_oklob_open, nicolae_quartered_pool_super,
          tgw_fedhas, minmay_lair_oklob_chamber
Lair:6:   evilmike_catoblepas_cave
Sewer:    kennysheep_pipe_town

Skill      XL: |  1  2  3  4  5  6  7  8  9 10 11 12 13 14 |
---------------+-------------------------------------------+-----
Axes           | 2 3 4 5 7 8 9 11 12 13 14 | 14.1
Armour         | 4 5 6 7 8 10 11 12 | 12.4
Shields        | 4 |  4.0
Fighting       | 4 5 6 7 8 10 11 12 | 12.5
Invocations    | 1 4 5 7 8 9 10 | 10.0
Summonings     | 1 3 |  3.3

Action                   |  1- 3 |  4- 6 |  7- 9 | 10-12 | 13-15 || total
-------------------------+-------+-------+-------+-------+-------++-------
Melee: War axe           |   129 |   215 |   445 |  1040 |   194 ||  2023
       Trident           |       |       |       |   120 |   335 ||   455
Throw: Javelin           |       |       |       |     5 |       ||     5
Invok: Lesser Servant of |       |       |       |    27 |    30 ||    57
Evoke: Wand              |       |       |       |     3 |     7 ||    10
       Box of beasts     |       |       |       |       |     2 ||     2
  Use: Scroll            |       |     1 |    20 |     5 |    10 ||    36
       Potion            |       |       |     4 |     1 |     9 ||    14
 Stab: Petrified         |       |       |       |       |     5 ||     5
       Distracted        |       |       |       |       |     4 ||     4
       Confused          |       |       |       |       |     3 ||     3
  Eat: Chunk             |       |     7 |     7 |    17 |    11 ||    42
       Ration            |       |       |     2 |     3 |     1 ||     6
Armor: Scale mail        |    75 |   176 |   310 |   210 |       ||   771
       Chain mail        |       |       |       |   608 |   377 ||   985
Dodge: Dodged            |    52 |   117 |   233 |   467 |   171 ||  1040
Block: Shield            |    27 |       |       |       |       ||    27
       Buckler           |    18 |    79 |   112 |   389 |   186 ||   784
       Reflection        |       |       |       |     1 |     2 ||     3

Table legend:
 A = Non-vault XP
 B = Vault XP
 C = Vault XP percentage of total XP
 D = Non-vault monster count
 E = Vault monster count
 F = Vault count percentage of total count
                 A         B        C        D         E       F
            +---------+---------+-------+---------+---------+-------
      Total |   45684 |   15799 |  25.7 |     405 |     107 |  20.9
            +---------+---------+-------+---------+---------+-------
        D:1 |      35 |       1 |   2.8 |      18 |       1 |   5.3
        D:2 |     231 |       0 |   0.0 |      32 |       0 |   0.0
        D:3 |     123 |       0 |   0.0 |      16 |       0 |   0.0
        D:4 |     246 |       0 |   0.0 |      18 |       0 |   0.0
        D:5 |     723 |      44 |   5.7 |      15 |       5 |  25.0
        D:6 |    1524 |       0 |   0.0 |      14 |       0 |   0.0
        D:7 |     576 |     968 |  62.7 |      17 |       5 |  22.7
        D:8 |     788 |     283 |  26.4 |      17 |       1 |   5.6
        D:9 |    2867 |     469 |  14.1 |      36 |       4 |  10.0
       D:10 |    2999 |     558 |  15.7 |      26 |       2 |   7.1
       D:11 |    4100 |     125 |   3.0 |      30 |       1 |   3.2
       D:12 |    2728 |     324 |  10.6 |      20 |      32 |  61.5
     Lair:1 |    4865 |       0 |   0.0 |      28 |       0 |   0.0
     Lair:2 |    4516 |       0 |   0.0 |      28 |       0 |   0.0
     Lair:3 |    2769 |       0 |   0.0 |      14 |       0 |   0.0
     Lair:4 |    3779 |    1400 |  27.0 |      18 |       6 |  25.0
     Lair:5 |    8350 |    2037 |  19.6 |      37 |       5 |  11.9
     Lair:6 |    4465 |    9188 |  67.3 |      21 |      21 |  50.0
      Sewer |       0 |     402 | 100.0 |       0 |      24 | 100.0
            +---------+---------+-------+---------+---------+-------
